 Dungeon Crawl Stone Soup version 0.30-a0-241-g1121274140 (webtiles) character file.

Game seed: 16872568074285530748

86786 KennySheep the Grappler (level 15, -36/166 HPs)
             Began as a Demigod Earth Elementalist on Oct 11, 2022.
             Killed from afar by a purple draconian (42 damage)
             ... with a bolt of dispelling energy
             ... on level 3 of the Abyss.
             The game lasted 01:25:46 (24736 turns).

KennySheep the Grappler (DgEE)                     Turns: 24736, Time: 01:25:46

Health: -36/166    AC: 29    Str: 29      XL:     15   Next: 2%
Magic:  28/28      EV: 18    Int: 33 (34) God:
Gold:   1048       SH:  0    Dex: 19      Spells: 3/26 levels left

rFire   + . .      SeeInvis .      - Unarmed
rCold   + . .      Faith    +    (no shield)
rNeg    + . .      Spirit   .    (body armour currently unavailable)
rPois   ∞          Reflect  .    (no helmet)
rElec   +          Harm     .    O - scarf {rC+ rF+}
rCorr   +          Rampage  .    (gloves currently unavailable)
Will    .....                    (boots currently unavailable)
Stlth   ++++......               Q - amulet of Agnosticism {Faith rC+ Stlth+}
HPRegen 1.27/turn                U - ring "Xiwkoor" {Will- rCorr Str+8 Dex+6}
MPRegen 0.21/turn                v - +6 ring of intelligence

@: statue-form (expiring), on berserk cooldown, slowed, unable to drink, very
slow
A: slow and powerful, torment resistance 1, boosted hp, high MP 1, forlorn,
divine attributes, (iridescent scales 1), deformed body, deterioration 2,
regeneration 1, strong 1, cold vulnerability 1, inability to drink after injury
1
a: End Transformation


You were on level 3 of the Abyss.
You were a living statue of rough stone.
You visited 4 branches of the dungeon, and saw 21 of its levels.
You visited the Abyss 1 time.
You also visited: Sewer and Bailey.

You collected 3136 gold pieces.
You spent 2088 gold pieces at shops.

Inventory:

Hand Weapons
 p - the +6 war axe of Cowardice {vorpal, rElec Dex+2 SInv Stlth+}
   (You took it off a kobold in a bailey)

   It inflicts extra damage upon your enemies.
   Dex:       It affects your dexterity (+2).
   rElec:     It insulates you from electricity.
   SInv:      It lets you see invisible.
   Stlth:     It makes you more stealthy.
Missiles
 f - 2 throwing nets
Armour
 o - the +1 pair of boots of Thoughtfulness (melded) {rC+ Int+3}
   (You acquired it on level 6 of the Dungeon)

   Int:       It affects your intelligence (+3).
   rC:        It protects you from cold.
 w - the +0 robe of Springtime (melded) {Will+ Str+4}
   (You found it in a sewer)

   Str:       It affects your strength (+4).
   Will:      It increases your willpower.
 O - a scarf of resistance (worn)
 T - +0 ice dragon scales
Magical Staves
 b - a staff of earth
Jewellery
 g - the ring "Dofet" {rPois rF+ Int+4}
   (You bought it in a shop on level 1 of the Dungeon)

   [ring of poison resistance]

   Int:       It affects your intelligence (+4).
   rF:        It protects you from fire.
   rPois:     It protects you from poison.
 j - a ring of flight
 u - a ring of wizardry
 v - a +6 ring of intelligence (right fist)
 I - a ring of see invisible
 M - a +4 ring of slaying
 P - a ring of magical power
 Q - the amulet of Agnosticism (around neck) {Faith rC+ Stlth+}
   (You bought it in a shop on level 1 of the Dungeon)

   [amulet of faith]

   It allows you to gain divine favour quickly.
   rC:        It protects you from cold.
   Stlth:     It makes you more stealthy.
 U - the ring "Xiwkoor" (left fist) {Will- rCorr Str+8 Dex+6}
   (You found it on level 4 of the Lair of Beasts)

   [ring of resist corrosion]

   Str:       It affects your strength (+8).
   Dex:       It affects your dexterity (+6).
   rCorr:     It protects you from acid and corrosion.
   Will:      It decreases your willpower.
Wands
 a - a wand of light (3)
 t - a wand of paralysis (27)
 D - a wand of iceblast (21)
 K - a wand of flame (43)
 N - a wand of polymorph (17)
 R - a wand of mindburst (8)
Scrolls
 h - 2 scrolls of blinking
 k - 4 scrolls of immolation
 m - 5 scrolls of poison
 n - 2 scrolls of enchant armour
 q - 4 scrolls of amnesia
 x - 2 scrolls of fear
 y - 3 scrolls of butterflies
 B - 4 scrolls of enchant weapon
 C - 10 scrolls of vulnerability
 E - 5 scrolls of teleportation
 H - 8 scrolls of identify
 J - 5 scrolls of noise
 S - a scroll of silence
 W - a scroll of acquirement
Potions
 c - 4 potions of resistance
 d - 10 potions of curing
 e - 2 potions of magic
 i - 2 potions of mutation
 l - 2 potions of lignification
 r - 5 potions of heal wounds
 s - a potion of degeneration
 z - 4 potions of flight
 A - a potion of cancellation
 F - 4 potions of haste
 L - 4 potions of might
 V - a potion of brilliance
 X - a potion of invisibility


   Skills:
 + Level 10.7 Fighting
 - Level 1.0 Staves
 + Level 9.8 Dodging
 - Level 3.1 Stealth
 * Level 13.6 Unarmed Combat
 - Level 6.0 Spellcasting
 - Level 1.7 Conjurations
 - Level 11.1 Transmutations
 - Level 11.0 Earth Magic
 - Level 0.8 Evocations


You had 3 spell levels left.
You knew the following spells:

 Your Spells              Type           Power      Damage    Failure   Level
a - Sandblast             Erth           100%       2d20      1%          1
b - Passwall              Tmut/Erth      58%        N/A       1%          2
c - Stone Arrow           Conj/Erth      100%       3d13      1%          3
d - Petrify               Tmut/Erth      70%        N/A       1%          4
e - Lee's Rapid Deconstr  Erth           35%        3d19*     1%          5
f - Wereblood             Tmut           70%        N/A       1%          2
z - Statue Form           Tmut/Erth      46%        N/A       7%          6

Your spell library contained the following spells:

 Spells                   Type           Power      Damage    Failure   Level
 Beastly Appendage        Tmut           100%       N/A       1%          1
 Spider Form              Tmut/Pois      46%        N/A       1%          3
 Apportation              Tloc           18%        N/A       4%          1
 Necrotise                Necr           36%        1d5       4%          1
 Summon Small Mammal      Summ           36%        N/A       4%          1
 Cigotuvi's Dreadful Rot  Necr/Pois/Air  18%        N/A       6%          2
 Sublimation of Blood     Necr           9%         N/A       6%          2
 Dazzling Flash           Conj/Hex       30%        N/A       9%          3
 Gell's Gravitas          Tloc           9%         N/A       13%         3
 Lesser Beckoning         Tloc           18%        N/A       13%         3
 Teleport Other           Tloc           9%         N/A       13%         3
 Vhi's Electric Charge    Tloc/Air       18%        N/A       13%         3
 Leda's Liquefaction      Hex/Erth       23%        N/A       4%          4
 Iskenderun's Mystic Bla  Conj/Tloc      15%        2d5       30%         4
 Airstrike                Air            4%         2d(1-17)  38%         4
 Dispel Undead            Necr           9%         3d8       38%         4
 Summon Lightning Spire   Summ/Air       9%         N/A       38%         4
 Iskenderun's Battlesphe  Conj           21%        2d7       50%         5
 Arcjolt                  Conj/Air       7%         1d17      63%         5
 Fireball                 Conj/Fire      7%         3d5       63%         5
 Lightning Bolt           Conj/Air       7%         1d20      63%         5
 Conjure Ball Lightning   Conj/Air       7%         3x3d6     99%         6
 Starburst                Conj/Fire      7%         6d4       99%         6
 Death Channel            Necr           4%         N/A       100%        6
 Orb of Destruction       Conj           10%        9d6       100%        7
 Summon Hydra             Summ           4%         N/A       100%        7
 Maxwell's Capacitive Co  Air            4%         ∞         100%        8


Dungeon Overview and Level Annotations

Branches:
Dungeon (13/15)            Temple (0/1) D:7            Lair (5/5) D:8
 Shoals (0/4) Lair:3        Snake (0/4) Lair:2        Slime (0/5) Lair:4
    Orc (2/2) D:9             Elf (1/3) Orc:2        Vaults (0/5) D:13
  Sewer (visited)          Bailey (visited)

Shops:
D:1 =   D:4 =   Orc:2 :[(*   Elf:1 !

Annotations:
D:2 Robin
D:4 1 runed translucent door
D:12 3 runed translucent doors
Lair:4 1 runed translucent door


Innate Abilities, Weirdness & Mutations

You are a living statue of rough stone.
Your actions are slow, but your melee attacks are powerful.
You are resistant to unholy torment.
Your maximum health is greatly increased.
You are immune to poison.
Your equipment is partially melded.
You have an increased reservoir of magic. (+10% MP)
You shall have no god before yourself.
Your divine heritage dramatically boosts your attributes as you level up.
((You are partially covered in iridescent scales. (AC +2)))
Armour fits poorly on your strangely shaped body.
Your body often deteriorates upon taking damage.
Your natural rate of healing is unusually fast.
Your muscles are strong. (Str +4, Int/Dex -1)
You are vulnerable to cold. (rC-)
You occasionally lose the ability to drink potions when taking damage.


Message History

Something hits you!
* * * LOW HITPOINT WARNING * * *
Something drains your vigour!
You feel as though you will be slow longer.
The profane servitor completely misses you.
The profane servitor hits you but does no damage.
The ancient zyme hits you but does no damage. x2
The profane servitor attacks as you move away!
The profane servitor hits you with a +3 whip!
* * * LOW HITPOINT WARNING * * *
The profane servitor hits you with a +3 whip!
* * * LOW HITPOINT WARNING * * *
You feel a strong urge to attack something.
You are no longer berserk.
You are exhausted.
You feel as though you will be slow longer.
Tentacles burst from the starspawn's body!
The profane servitor misses you.
The profane servitor hits you with a +3 whip!
* * * LOW HITPOINT WARNING * * *
2 starspawn tentacles come into view.
Blink to where?
Press: ? - help, Dir - move target
Okay, then.
Okay, then.
Blink to where?
Press: ? - help, Dir - move target
Okay, then.
Save game and exit?
Welcome back, KennySheep the Demigod Earth Elementalist.
Press ? for a list of commands and other information.
Blink to where?
Press: ? - help, Dir - move target A ynoxinul, 2 raiju, a purple draconian and a small abomination come into view.
As you read the scroll of blinking, it crumbles to dust.
The purple draconian breathes dispelling energy at you.
The bolt of dispelling energy hits you!!!
Your magical effects are unravelling.
You feel threatened and lose the ability to drink potions!
You die...

#.#.##.##.## .
.... #
#...##§w─#. . .
.. .#
###.#Xx.#AwX.#
#.. .# .
#....h.#.#.#.#
# #
#.....##.#.###
.. #....##G#
..#. .. . . #.
#... ##.
#..##.# . #
..#..x..###...#
.. #.. ...
#...8# ... ..
.. ....
##....## . . #
..#. ...#....#
.. .# ... .....
....... . ...
.#3...#.. ..
..x....#.... .
d. .....# ###
...h.....#


You could see a profane servitor (summoned), a purple draconian (catching
breath), a tentacled starspawn (summoned), a worldbinder (summoned, wandering),
a raiju (wandering), a ynoxinul, a small abomination (wandering) and a starspawn
tentacle.

Vanquished Creatures
  Saint Roka (Orc:2)
  A tentacled monstrosity (Abyss:3)
  A storm dragon (Elf:1)
  An iron dragon (Elf:1)
  A cacodemon (Abyss:3)
  2 deep elf demonologists (Elf:1)
  A deep elf death mage (Elf:1)
  A deep elf high priest (Elf:1)
  2 ice dragons (Elf:1)
  A hydra (Lair:3)
  3 two-headed ogres
  A boulder beetle (Lair:2)
  3 dancing weapons (Elf:1)
  A tengu warrior (D:11)
  Urug (D:9)
  An orc high priest (Elf:1)
  2 deep elf knights (Elf:1)
  Nergalle (D:9)
  Amaemon (Lair:1)
  3 deep elf archers (Elf:1)
  A phantasmal warrior (Abyss:3)
  A wizard (D:13)
  9 deep elf zephyrmancers (Elf:1)
  5 orc knights
  4 deep elf pyromancers (Elf:1)
  2 manticores (D:13)
  A mana viper (Abyss:3)
  An orc sorcerer (D:9)
  2 ugly things (D:12)
  4 elephants (Lair:2)
  A merfolk siren (Lair:3)
  10 black mambas
  10 cane toads
  An orange demon (Lair:1)
  3 kobold demonologists
  2 gargoyles
  4 rime drakes
  A tengu conjurer (D:11)
  An ancient zyme (Abyss:3)
  3 unseen horrors
  11 komodo dragons
  3 trolls
  3 merfolk (Lair:3)
  6 polar bears
  3 slime creatures (D:12)
  7 hornets
  A raiju (Abyss:3)
  11 blink frogs
  19 dream sheep
  A shadow (D:11)
  11 spriggans (Lair:5)
  6 wyverns
  A human (shapeshifter) (D:12)
  4 wraiths
  51 yaks
  A water elemental (Elf:1)
  16 humans (D:13)
  3 fire elementals (Elf:1)
  A hog (shapeshifter) (Elf:1)
  A basilisk (Lair:4)
  A steam dragon (D:10)
  5 vampire mosquitoes (D:12)
  2 neqoxecs (Abyss:3)
  A naga (Lair:2)
  A harpy simulacrum (Abyss:3)
  2 wargs
  3 acid dragons
  13 water moccasins
  2 sky beasts (D:6)
  4 small abominations (Abyss:3)
  An ice beast (D:5)
  8 ogres
  6 black bears
  42 orc warriors
  40 wolves
  4 boggarts (Lair:5)
  8 centaurs
  A phantom (D:5)
  A kobold brigand (D:7)
  A necrophage (D:5)
  15 bullfrogs
  6 scorpions
  An earth elemental (Elf:1)
  9 wights
  16 killer bees
  An electric eel (D:9)
  A howler monkey (D:10)
  11 starcursed masses (Abyss:3)
  2 jellies (D:6)
  A gnoll bouda (D:6)
  24 orc priests
  28 orc wizards
  A hell rat (D:8)
  A mummy (D:5)
  3 gnolls (D:3)
  12 river rats
  12 adders
  A shadow imp (D:7)
  A white imp (Abyss:3)
  An ufetubus (D:4)
  2 dart slugs
  114 orcs
  23 ball pythons
  7 bats
  5 endoplasms
  4 giant cockroaches
  12 goblins
  8 hobgoblins
  9 jackals
  13 quokkas
  4 frilled lizards
  A goblin zombie (D:5)
  A jackal skeleton (D:4)
  21 kobolds
  A kobold zombie (D:5)
  48 rats
821 creatures vanquished.

Vanquished Creatures (others)
  2 deep elf knights (Elf:1)
  A wizard (D:13)
  A deep elf zephyrmancer (Elf:1)
  A water elemental (Elf:1)
  55 fungi
  35 plants
95 creatures vanquished.

Grand Total: 916 creatures vanquished

Notes
Turn   | Place    | Note
-------+----------+-------------------------------------------
     0 | D:1      | KennySheep the Demigod Earth Elementalist began the quest
                  | for the Orb.
     0 | D:1      | Reached XP level 1. HP: 14/14 MP: 5/5
   196 | D:1      | Reached XP level 2. HP: 10/20 MP: 4/7
   301 | D:1      | Found Huczok's Jewellery Emporium.
   640 | D:1      | Learned a level 2 spell: Passwall
   668 | D:1      | Reached skill level 1 in Conjurations
  1109 | D:2      | Reached XP level 3. HP: 27/27 MP: 3/8
  1530 | D:2      | Learned a level 3 spell: Stone Arrow
  1634 | D:2      | Noticed Robin
  1745 | D:3      | Reached XP level 4. HP: 34/34 MP: 5/9
  2292 | D:3      | Noticed a centaur
  2300 | D:3      | Killed a centaur
  2301 | D:3      | Reached skill level 1 in Fighting
  2301 | D:3      | Reached skill level 1 in Transmutations
  2301 | D:3      | Reached XP level 5. HP: 25/40 MP: 6/11
  2711 | D:4      | Noticed a human
  2712 | D:4      | Found a runed translucent door.
  2827 | D:4      | Found Nadotat's Jewellery Boutique.
  3163 | D:4      | Reached XP level 6. HP: 40/47 MP: 4/12
  3324 | D:4      | Reached skill level 1 in Unarmed Combat
  3882 | D:5      | Entered Level 5 of the Dungeon
  3900 | D:5      | Reached XP level 7. HP: 28/53 MP: 7/14
  4005 | D:5      | Found a large runed translucent door.
  4005 | D:5      | Found a large runed translucent door.
  4150 | D:5      | Found a glowing drain.
  4154 | Sewer    | Entered a sewer
  4320 | Sewer    | Reached skill level 1 in Staves
  4406 | Sewer    | Identified the +0 robe of Springtime {Will+ Str+4}
  4989 | Sewer    | Gained mutation: You are partially covered in iridescent
                  | scales. (AC +2) [potion of mutation]
  4989 | Sewer    | Gained mutation: Your natural rate of healing is unusually
                  | fast. [potion of mutation]
  5141 | D:5      | Reached skill level 5 in Earth Magic
  5333 | D:5      | Reached XP level 8. HP: 49/62 MP: 12/16
  5681 | D:5      | Identified the +5 short sword of the Fulmar {freeze, rF+
                  | Str+2}
  6219 | D:6      | Learned a level 6 spell: Statue Form
  6274 | D:6      | Noticed a troll
  6280 | D:6      | Killed a troll
  6281 | D:6      | Reached skill level 2 in Unarmed Combat
  6454 | D:6      | Reached skill level 5 in Transmutations
  6459 | D:6      | HP: 2/63 [something (7)]
  6540 | D:6      | Noticed a gargoyle
  6546 | D:6      | Killed a gargoyle
  6547 | D:6      | Reached XP level 9. HP: 71/71 MP: 6/18
  6659 | D:6      | Identified a scroll of acquirement
  6666 | D:6      | Acquired the +1 pair of boots of Thoughtfulness {rC+ Int+3}
  7044 | D:6      | Killed an unseen horror
  7045 | D:6      | Reached skill level 3 in Unarmed Combat
  8148 | D:7      | Identified the +1 robe of Rationality {*Corrode rC+ Dex+4
                  | Archmagi}
  8205 | D:7      | Found a staircase to the Ecumenical Temple.
  8785 | D:8      | Found a flagged portal.
  8833 | Bailey   | Entered a bailey
  8859 | Bailey   | Reached skill level 5 in Dodging
  8918 | Bailey   | Identified the +6 war axe of Cowardice {vorpal, rElec Dex+2
                  | SInv Stlth+}
  9094 | Bailey   | Noticed an orc knight
  9104 | Bailey   | Killed an orc knight
  9105 | Bailey   | Reached skill level 4 in Unarmed Combat
  9105 | Bailey   | Reached XP level 10. HP: 62/80 MP: 3/20
  9380 | D:8      | Gained mutation: Your muscles are strong. (Str +4, Int/Dex
                  | -1) [mutagenic glow]
  9525 | D:1      | Bought the ring "Dofet" {rPois rF+ Int+4} for 508 gold
                  | pieces
  9716 | D:4      | Bought a +6 ring of intelligence for 360 gold pieces
 10163 | D:8      | Found a staircase to the Lair.
 10169 | D:8      | Reached skill level 5 in Fighting
 10325 | D:8      | Learned a level 5 spell: Lee's Rapid Deconstruction
 10449 | D:8      | You fall into a shaft and drop 2 floors!
 10449 | D:10     | Entered Level 10 of the Dungeon
 10770 | D:10     | Reached skill level 5 in Spellcasting
 11585 | D:11     | Reached XP level 11. HP: 88/88 MP: 19/22
 11618 | D:11     | Noticed a two-headed ogre
 11625 | D:11     | Killed a two-headed ogre
 11760 | D:11     | Noticed a tengu warrior
 11768 | D:11     | Reached skill level 5 in Unarmed Combat
 11944 | D:11     | Killed a tengu warrior
 12152 | D:9      | Learned a level 4 spell: Petrify
 12638 | D:9      | Reached skill level 6 in Unarmed Combat
 12800 | D:9      | Found a staircase to the Orcish Mines.
 13421 | Lair:1   | Entered Level 1 of the Lair of Beasts
 13797 | Lair:1   | Noticed Amaemon
 13812 | Lair:1   | Killed Amaemon
 13819 | Lair:1   | Reached skill level 7 in Unarmed Combat
 14158 | Lair:1   | Reached XP level 12. HP: 84/97 MP: 19/25
 14524 | Lair:2   | Noticed a boulder beetle
 14535 | Lair:2   | Killed a boulder beetle
 14620 | Lair:2   | Found a staircase to the Snake Pit.
 14753 | Lair:2   | Reached skill level 8 in Unarmed Combat
 14971 | Lair:2   | Reached skill level 10 in Earth Magic
 15423 | Lair:3   | Reached skill level 9 in Unarmed Combat
 15627 | Lair:3   | Found a staircase to the Shoals.
 15940 | Orc:1    | Entered Level 1 of the Orcish Mines
 15940 | Orc:1    | Noticed Urug
 15941 | Orc:1    | Noticed Nergalle
 15952 | D:9      | Killed Urug
 15989 | D:9      | Reached XP level 13. HP: 107/107 MP: 26/26
 16020 | D:9      | Killed Nergalle
 16293 | Orc:2    | Entered Level 2 of the Orcish Mines
 16588 | Orc:2    | Found a staircase to the Elven Halls.
 16725 | Orc:2    | Noticed Saint Roka
 16833 | Orc:2    | Found Tutureif's Book Shop.
 16858 | Orc:2    | Learned a level 2 spell: Wereblood
 16883 | Orc:2    | Killed Saint Roka
 16884 | Orc:2    | Reached skill level 10 in Unarmed Combat
 16884 | Orc:2    | Reached skill level 10 in Transmutations
 17327 | Orc:2    | Found Ewamaore's Assorted Antiques.
 17341 | Orc:2    | Bought a pearl ring for 105 gold pieces
 17341 | Orc:2    | Bought a fuming red potion for 18 gold pieces
 17567 | D:1      | Bought the amulet of Agnosticism {Faith rC+ Stlth+} for 681
                  | gold pieces
 18097 | Orc:2    | Found Estait's Antique Armour Shoppe.
 18099 | Orc:2    | Found Gusifux's Antique Weapon Emporium.
 18163 | Elf:1    | Entered Level 1 of the Elven Halls
 18168 | Elf:1    | Found Wetsaink's Distillery.
 18182 | Elf:1    | Bought a potion of resistance for 130 gold pieces
 18182 | Elf:1    | Bought a potion of might for 52 gold pieces
 18182 | Elf:1    | Bought a potion of magic for 104 gold pieces
 18182 | Elf:1    | Bought a potion of resistance for 130 gold pieces
 18234 | Elf:1    | Gained mutation: Your body sometimes deteriorates upon
                  | taking damage. [mutagenic glow]
 18503 | Elf:1    | Reached skill level 11 in Unarmed Combat
 19107 | Elf:1    | Noticed a deep elf demonologist
 19417 | Elf:1    | Killed a deep elf demonologist
 19438 | Elf:1    | Noticed a deep elf demonologist
 19449 | Elf:1    | Killed a deep elf demonologist
 19553 | Elf:1    | Found a runed translucent gate.
 19553 | Elf:1    | Found a runed translucent gate.
 19553 | Elf:1    | Found a runed translucent gate.
 19553 | Elf:1    | Found a runed translucent gate.
 19553 | Elf:1    | Found a runed translucent gate.
 19554 | Elf:1    | Found a runed translucent gate.
 19554 | Elf:1    | Noticed a storm dragon
 19554 | Elf:1    | Noticed an iron dragon
 19679 | Elf:1    | Killed a storm dragon
 19680 | Elf:1    | Reached XP level 14. HP: 118/118 MP: 21/27
 19765 | Elf:1    | Killed an iron dragon
 20250 | Lair:3   | Reached skill level 12 in Unarmed Combat
 20727 | Lair:4   | Found a runed translucent door.
 20729 | Lair:4   | Noticed an acid blob
 20926 | Lair:4   | Identified the ring "Xiwkoor" {Will- rCorr Str+8 Dex+6}
 21060 | Lair:4   | You fall into a shaft and drop 1 floor!
 21060 | Lair:5   | Entered Level 5 of the Lair of Beasts
 21258 | Lair:5   | Reached skill level 10 in Fighting
 21352 | Lair:4   | Found a staircase to the Slime Pits.
 21352 | Lair:4   | Noticed an acid blob
 21354 | Lair:4   | Noticed an acid blob
 23650 | D:12     | Found a runed translucent gate.
 23651 | D:12     | Found a runed translucent gate.
 23652 | D:12     | Found a runed translucent gate.
 23763 | D:12     | Reached skill level 13 in Unarmed Combat
 23885 | D:12     | Identified the +6 plate armour of the Sacrificial Victim
                  | {Harm rElec Dex-3 Stlth+}
 24517 | D:13     | Found a gate to the Vaults.
 24526 | Abyss:3  | Cast into level 3 of the Abyss (vault guard)
 24601 | Abyss:3  | Noticed a tentacled monstrosity
 24618 | Abyss:3  | Killed a tentacled monstrosity
 24619 | Abyss:3  | Gained mutation: Your body often deteriorates upon taking
                  | damage. [a neqoxec]
 24624 | Abyss:3  | Paralysed by accursed screaming for 2 turns
 24676 | Abyss:3  | Reached XP level 15. HP: 73/128 MP: 28/28
 24710 | Abyss:3  | Gained mutation: Armour fits poorly on your strangely
                  | shaped body. [a neqoxec]
 24711 | Abyss:3  | Gained mutation: You occasionally lose the ability to drink
                  | potions when taking damage. [a neqoxec]
 24718 | Abyss:3  | Gained mutation: You are vulnerable to cold. (rC-) [a
                  | cacodemon]
 24719 | Abyss:3  | Noticed a profane servitor
 24735 | Abyss:3  | Noticed a tentacled starspawn
 24735 | Abyss:3  | HP: 3/166 [profane servitor/+3 whip[a glowing orange brain]
                  | (9)]
 24736 | Abyss:3  | Killed from afar by a purple draconian

Illustrated notes

Levels and vault maps discovered:
D:1:      dpeg_arrival_simpleton_b, layout_basic, serial_shops,
          nicolae_shop_waterfront
D:2:      layout_loops_ring, hellmonk_ecumenical_altar_lost_god, minmay_between,
          uniq_robin
D:3:      layout_basic, interstate_on_off
D:4:      layout_gridville, dk_yredelemnul_ordeal, serial_shops,
          nicolae_inconvenience_store
D:5:      layout_layer_cave, nzn_wu_jian_contemplation, jmf_multi_god_temple2,
          kennysheep_little_box, nicolae_ossuary_entry_giza,
          gup_sewer_entry_bowl, corexii_item_surrounded_by_moat
D:6:      minmay_opposing_rooms, layout_basic, uniq_menkaure
D:7:      layout_basic, temple_statues
D:8:      lemuel_ratsnest, layout_cave_pods, nicolae_qazlal_scattered_showers,
          lemuel_crystal_altar, grunt_lair_entry_orc_guard_hut, enter_bailey_2,
          serial_bayou_pond_d
D:9:      layout_loops_ring, erik_orc_2
D:10:     layout_irregular_city, dreamdust_wishing_well,
          kennysheep_generic_room_5
D:11:     layout_layer_cave, minmay_misc_feat_columns
D:12:     layout_long_grid, ploomutoo_gammafunk_ghost_potion_laboratory
D:13:     layout_cave_pools, grunt_vaults_entry_tiered, st_stairs_5, hex_medium,
          minmay_fire_ice_demons, uniq_frances
Lair:1:   layout_regular_city, grunt_megastairs_2, uniq_amaemon
Lair:2:   layout_cave_pods, guppyfry_snake_entry_island
Lair:3:   layout_chaotic_city, elwin_shoals_entry_stream, serial_bayou_shore_b,
          lemuel_fruit_tree, grunt_megastairs_5
Lair:4:   layout_regular_city, slime_entry_2, lemuel_centaur_altar
Lair:5:   minmay_lair_end_enchanted_forest, layout_hall_layers, minivault_24
Orc:1:    layout_diamond_mine, basic_altar, uniq_urug, uniq_nergalle
Orc:2:    grunt_orc_community_town_hall, layout_diamond_mine,
          grunt_orc_community_big_house_2, grunt_orc_community_big_house_2,
          grunt_orc_community_house_1, grunt_orc_community_house_3,
          grunt_orc_community_house_1, grunt_orc_community_house_2,
          grunt_orc_community_house_3, basic_altar
Elf:1:    layout_gridlike, serial_shops, shop_statue, orc_legates,
          grunt_megastairs_4
Abyss:3:  base: Snake:1, hangedman_abyss_shoalhut, evilmike_abyss_exit_vortex,
          evilmike_abyss_exit_16, hangedman_classic_abyss_death, base:
Snake:1

Skill      XL: |  1  2  3  4  5  6  7  8  9 10 11 12 13 14 |
---------------+-------------------------------------------+-----
Stealth        | 2 3 |  3.1
Dodging        | 2 3 4 5 7 8 9 |  9.8
Conjurations   | 1 |  1.7
Earth Magic    | 3 4 5 6 7 8 9 10 11 | 11.0
Spellcasting   | 2 3 4 5 6 |  6.0
Fighting       | 1 2 3 4 5 6 7 9 10 | 10.7
Transmutations | 1 2 3 5 6 7 8 9 10 11 | 11.1
Unarmed Combat | 1 2 4 7 9 11 13 | 13.6
Staves         | 1 |  1.0
Evocations     | |  0.8

Action                   |  1- 3 |  4- 6 |  7- 9 | 10-12 | 13-15 || total
-------------------------+-------+-------+-------+-------+-------++-------
Melee: Unarmed           |     7 |       |       |   528 |   820 ||  1355
       Staff             |       |    12 |     3 |       |       ||    15
       Punch             |       |       |     1 |    27 |    63 ||    91
 Cast: Sandblast         |    68 |    76 |   218 |    67 |     4 ||   433
       Stone Arrow       |       |       |     8 |       |       ||     8
       Statue Form       |       |       |       |    45 |    66 ||   111
       Lee's Rapid Decon |       |       |       |     8 |     9 ||    17
       Petrify           |       |       |       |     2 |       ||     2
       Wereblood         |       |       |       |       |     4 ||     4
  Use: Potion            |     2 |     3 |    15 |     1 |     6 ||    27
       Scroll            |       |     7 |    10 |     5 |    11 ||    33
 Stab: Sleeping          |       |       |       |     1 |     3 ||     4
       Petrified         |       |       |       |     5 |       ||     5
Armor: Robe              |     8 |    11 |    28 |    21 |    25 ||    93
       Skin              |       |       |       |   462 |   645 ||  1107
Dodge: Dodged            |    26 |    41 |   139 |   745 |  1003 ||  1954

Table legend: (Time is in decaauts)
 A = Elapsed time spent in this place.
 B = Non-inter-level travel time spent in this place.
 C = Inter-level travel time spent in this place.
 D = Time resting spent in this place.
 E = Time spent auto-exploring this place.
 F = Levels seen in this place.
 G = Mean time per level.
                   A        B        C        D        E       F      G
               +--------+--------+--------+--------+--------+-----+--------+
         Total |  27644 |  25143 |   2501 |   2490 |  17277 |  24 | 1151.8 |
       Dungeon |  15382 |  13469 |   1913 |   1400 |   9694 |  13 | 1183.2 |
          Lair |   6464 |   6176 |    288 |    360 |   4526 |   5 | 1292.8 |
  Orcish Mines |   2077 |   1919 |    158 |    183 |   1189 |   2 | 1038.5 |
   Elven Halls |   2024 |   1883 |    141 |    337 |    991 |   1 | 2024.0 |
         Abyss |    259 |    259 |      0 |      4 |     13 |   1 |  259.0 |
         Sewer |    937 |    937 |      0 |    168 |    569 |   1 |  937.0 |
        Bailey |    498 |    498 |      0 |     36 |    293 |   1 |  498.0 |
               +--------+--------+--------+--------+--------+-----+--------+

Top non-repeatable levels by time:
     D:5: 2168 daAuts
   Elf:1: 2024 daAuts
   Orc:2: 1727 daAuts
  Lair:5: 1563 daAuts
     D:6: 1483 daAuts
     D:4: 1467 daAuts
     D:8: 1446 daAuts
  Lair:2: 1350 daAuts
  Lair:4: 1249 daAuts
     D:9: 1237 daAuts
    D:11: 1212 daAuts
  Lair:3: 1202 daAuts
     D:1: 1202 daAuts
    D:10: 1178 daAuts
  Lair:1: 1098 daAuts
